Senateurs vs Coyotes (R1)

Created - 3 mars 2016 at 19:32

Goals
1 2 3 T
Senateurs 3 2 1 6
Coyotes 3 0 1 4
Shots
1 2 3 T
Senateurs 13 11 9 33
Coyotes 11 13 7 31

1st period

1. Coyotes , Éric Belanger 1 (Josh Gorges) at 2:28
2. Coyotes , Tim Connolly 25 (Marian Gaborik) at 3:15
3. Senateurs , Andrew Ebbett 8 (Andy Hilbert, B.J. Crombeen) at 13:22
4. Senateurs , Gilbert Brule 20 (Jean-Pierre Dumont) at 13:40 (PP)
5. Senateurs , Gilbert Brule 21 (Kurtis Foster, Jean-Pierre Dumont) at 14:53 (PP)
6. Coyotes , Éric Belanger 2 (T.J. Fast, Anton Stralman) at 17:33

Penalties :
Erik Cole (Ari) for Slashing (Minor) at 13:25, Chad Larose (Ari) for Hooking (Minor) at 14:47, Darcy Hordichuk (Ott) for Hooking (Minor) at 15:16, Marian Gaborik (Ari) for Hooking (Minor) at 18:44

2nd period

7. Senateurs , Todd Bertuzzi 11 (Kurtis Foster, Daymond Langkow) at 0:41 (PP)
8. Senateurs , Jean-Pierre Dumont 21 (Andy McDonald, Carlo Colaiacovo) at 11:52

Penalties :
Andy McDonald (Ott) for Holding (Minor) at 1:00, Darcy Hordichuk (Ott) for Roughing (Minor) at 6:33, Marian Gaborik (Ari) for Slashing (Minor) at 14:06, Marian Gaborik (Ari) for Roughing (Minor) at 18:11

3rd period

9. Senateurs , Andy McDonald 11 (Gilbert Brule, Kurtis Foster) at 1:05 (PP)
10. Coyotes , Matt Taormina 3 (Chad Larose, Erik Christensen) at 11:12

Penalties :
T.J. Fast (Ari) for Roughing (Minor) at 0:48, Ales Kotalik (Ott) for High sticking (Minor) at 5:29, Vitaly Vishnevsky (Ott) for Hooking (Minor) at 12:16, Sergei Samsonov (Ari) for Roughing (Minor) at 13:08

Goalie Stats

Ondrej Pavelec (Ott), 27 saves from 31 shots - (0,871), W, 29-11-4, 60:00 minutes
Marc Denis (Ari), 18 saves from 23 shots - (0,783), L, 2-2-0, 31:52 minutes
Ryan Miller (Ari), 9 saves from 10 shots - (0,900), 28:08 minutes

Players Stats for Senateurs

Player Name              G  A  P  +/- PIM S  H  SB GA TA FO     MP     PP MP  PK MP  
------------------------------------------------------------------------------------
Ales Kotalik             0  0  0  -1  2   1  0  0  0  0  1/1     6:56   0:03   0:00 
Andrew Ebbett            1  0  1   0  0   3  1  0  1  0  5/9    11:02   0:00   2:18 
Andy Hilbert             0  1  1   0  0   0  0  0  0  0  0/0    11:14   0:03   1:45 
Andy McDonald            1  1  2   0  2   4  1  0  1  1  0/0    20:10   4:13   1:51 
B.J. Crombeen            0  1  1   0  0   2  4  0  0  0  0/1     9:29   0:03   0:00 
Brandon Dubinsky         0  0  0  -1  0   1  1  1  0  1  1/3     6:31   0:00   0:00 
Carlo Colaiacovo         0  1  1   0  0   1  2  1  0  2  0/0    20:05   1:54   4:06 
Dan Girardi              0  0  0   0  0   1  1  1  0  0  0/0    20:05   1:54   4:06 
Darcy Hordichuk          0  0  0  -2  4   2  1  1  0  0  2/2    16:21   3:09   0:00 
Daymond Langkow          0  1  1  -2  0   5  1  0  0  0  6/16   18:38   3:09   2:36 
Gilbert Brule            2  1  3   1  0   4  2  0  1  0  15/43  23:45   4:13   4:35 
Jean-Pierre Dumont       1  2  3   1  0   4  3  0  0  1  1/3    23:41   4:13   4:31 
Kurtis Foster            0  3  3  -3  0   1  3  0  0  1  0/0    31:55   5:31   4:42 
Milan Jurcina            0  0  0   1  0   1  1  0  0  0  0/0     8:03   0:00   0:03 
Sergei Kostitsyn         0  0  0  -1  0   0  0  0  0  0  0/0     6:31   0:00   0:00 
Todd Bertuzzi            1  0  1  -1  0   2  1  0  0  0  0/0    15:43   3:09   0:00 
Vitaly Vishnevsky        0  0  0  -3  2   0  0  1  0  3  0/0    31:04   5:31   4:39 
Vladimir Mihalik         0  0  0   1  0   1  0  1  0  0  0/0     8:47   0:00   0:00 

Players Stats for Coyotes

Player Name              G  A  P  +/- PIM S  H  SB GA TA FO     MP     PP MP  PK MP  
------------------------------------------------------------------------------------
Adrian Aucoin            0  0  0   1  0   1  0  0  0  0  0/0    12:44   0:31   0:45 
Anton Stralman           0  1  1  -1  0   1  0  1  2  0  0/0    19:36   3:32   2:20 
Chad Larose              0  1  1   1  2   0  0  1  0  1  1/1    10:05   0:00   1:21 
Éric Belanger            2  0  2   1  0   3  1  0  1  0  10/16  13:09   0:00   5:02 
Erik Christensen         0  1  1   1  0   1  0  0  2  0  1/5     8:48   0:00   0:03 
Erik Cole                0  0  0   0  2   7  1  0  0  0  0/1    16:14   0:00   4:37 
Georges Laraque          0  0  0   1  0   0  0  0  0  0  0/0     6:28   0:00   0:00 
Jan Hlavac               0  0  0   1  0   0  1  0  0  0  0/0     9:47   0:00   2:23 
Josh Gorges              0  1  1   1  0   0  0  2  1  1  0/0    29:32   5:16   4:20 
Kyle Okposo              0  0  0   0  0   4  2  0  0  0  0/2    16:21   4:30   0:07 
Marian Gaborik           0  1  1   0  6   4  0  0  1  0  2/3    20:07   4:18   0:00 
Matt Taormina            1  0  1   2  0   2  1  1  0  0  0/0    16:33   3:13   1:02 
Nazem Kadri              0  0  0   1  0   1  2  0  2  0  10/14  18:13   4:30   0:56 
Sergei Samsonov          0  0  0   1  2   2  0  1  0  1  0/0    15:05   4:29   0:21 
T.J. Fast                0  1  1  -1  2   0  0  1  0  0  0/0    19:56   1:36   2:27 
Tim Connolly             1  0  1   0  0   2  3  0  0  0  23/36  19:29   4:18   0:00 
Tyler Ennis              0  0  0   0  0   2  2  0  0  0  0/0    18:39   4:18   0:00 
Wade Redden              0  0  0   1  0   1  1  1  0  0  0/0    20:35   3:28   3:56 

3 Stars

1 - Gilbert Brule (Ott)
2 - Jean-Pierre Dumont (Ott)
3 - Éric Belanger (Ari)

Power Play

Senateurs - 4 on 7 Attempt(s) - 57,14%
Coyotes - 0 on 5 Attempt(s) - 0,00%

Penalty Kill

Senateurs - 5 on 5 Attempt(s) - 100,00% - Score 0 goal in Penalty Kill
Coyotes - 3 on 7 Attempt(s) - 42,86% - Score 0 goal in Penalty Kill

Team Stat

Senateurs - Hits : 22 - Faceoff Wins : 31 - Blocked Shots : 6 - Penalty Minutes : 10
Coyotes - Hits : 14 - Faceoff Wins : 47 - Blocked Shots : 8 - Penalty Minutes : 14

Official

Referees : Kimmerly Greg and Banfield David
Linesman : Derek Nansen and Lonnie Cameron

Game Notes

Ryan Miller enters game at 11:52 of 2nd period
Wade Redden is injured at 0:45 of 3rd period (Back)

Finance

Level 1 -- Attendance: 4072 (67,87%) -- Ticket Income 366 480 $
Level 2 -- Attendance: 4536 (90,72%) -- Ticket Income 235 872 $
Level 3 -- Attendance: 1949 (97,45%) -- Ticket Income 62 368 $
Level 4 -- Attendance: 3977 (99,43%) -- Ticket Income 87 494 $
Luxury Box -- Attendance: 712 (71,20%) -- Ticket Income 131 720 $
Game was played at the The Pack Center.
Total Attendance: 15246 (84,70%)
Total Ticket Income: 883 934 $
Other Income: 132 590 $
Total Income: 1 016 524 $

Senateurs

5 vs 5 Forward 
   Center                   Left Wing                Right Wing               Time % Phy DF OF 
 1 Gilbert Brule            Andy McDonald            Jean-Pierre Dumont       39     1   2  2  
 2 Daymond Langkow          Darcy Hordichuk          Todd Bertuzzi            29     1   2  2  
 3 Andrew Ebbett            Andy Hilbert             B.J. Crombeen            20     1   2  2  
 4 Brandon Dubinsky         Sergei Kostitsyn         Ales Kotalik             12     1   2  2  

5 vs 5 Defense 
   Defense                  Defense                                           Time % Phy DF OF 
 1 Vitaly Vishnevsky        Kurtis Foster                                     40     1   2  2  
 2 Carlo Colaiacovo         Dan Girardi                                       30     1   2  2  
 3 Vladimir Mihalik         Milan Jurcina                                     20     1   2  2  
 4 Vitaly Vishnevsky        Kurtis Foster                                     10     1   2  2  

PowerPlay Forward 
   Center                   Left Wing                Right Wing               Time % Phy DF OF 
 1 Gilbert Brule            Andy McDonald            Jean-Pierre Dumont       60     0   2  3  
 2 Daymond Langkow          Darcy Hordichuk          Todd Bertuzzi            40     0   2  3  

PowerPlay Defense
   Defense                  Defense                                           Time % Phy DF OF 
 1 Vitaly Vishnevsky        Kurtis Foster                                     60     1   2  2  
 2 Carlo Colaiacovo         Dan Girardi                                       40     1   2  2  

Penalty Kill 4 Players Forward 
   Center                   Wing                     Time % Phy DF OF 
 1 Gilbert Brule            Jean-Pierre Dumont       60     0   3  2  
 2 Daymond Langkow          Andy McDonald            40     0   3  2  

Penalty Kill 4 Players Defense
   Defense                  Defense                  Time % Phy DF OF 
 1 Vitaly Vishnevsky        Kurtis Foster            60     1   2  2  
 2 Carlo Colaiacovo         Dan Girardi              40     1   2  2  

Penalty Kill - 3 Players Forward 
   Forward                                           Time % Phy DF OF 
 1 Gilbert Brule                                     60     0   3  2  
 2 Jean-Pierre Dumont                                40     0   3  2  

Penalty Kill - 3 Players Defense
   Defense                  Defense                  Time % Phy DF OF 
 1 Vitaly Vishnevsky        Kurtis Foster            60     1   2  2  
 2 Carlo Colaiacovo         Dan Girardi              40     1   2  2  

4 vs 4 Forward 
   Center                   Wing                     Time % Phy DF OF 
 1 Gilbert Brule            Jean-Pierre Dumont       60     1   2  2  
 2 Daymond Langkow          Andy McDonald            40     1   2  2  

4 vs 4 Defense
   Defense                  Defense                  Time % Phy DF OF 
 1 Vitaly Vishnevsky        Kurtis Foster            60     1   2  2  
 2 Carlo Colaiacovo         Dan Girardi              40     1   2  2  

Last Minutes Offensive
   Center                   Left Wing                Right Wing               Defense                  Defense                  
   Gilbert Brule            Andy McDonald            Jean-Pierre Dumont       Vitaly Vishnevsky        Kurtis Foster            

Last Minutes Defensive
   Center                   Left Wing                Right Wing               Defense                  Defense                  
   Gilbert Brule            Andy McDonald            Jean-Pierre Dumont       Vitaly Vishnevsky        Kurtis Foster            

Goaltenders
Starting : Ondrej Pavelec           
Backup : Marty Turco              

Extra Forwards
Normal : B.J. Crombeen, Andy Hilbert, Andrew Ebbett - PP : B.J. Crombeen, Andy Hilbert - PK : Andrew Ebbett
Extra Defensemen
Normal : Vladimir Mihalik, Milan Jurcina, Carlo Colaiacovo - PP : Vladimir Mihalik - PK : Milan Jurcina, Carlo Colaiacovo
Penalty Shots
Gilbert Brule, Jean-Pierre Dumont, Daymond Langkow, Andy McDonald, Todd Bertuzzi

Coyotes

5 vs 5 Forward 
   Center                   Left Wing                Right Wing               Time % Phy DF OF 
 1 Tim Connolly             Tyler Ennis              Marian Gaborik           40     1   1  3  
 2 Nazem Kadri              Erik Cole                Kyle Okposo              30     1   1  3  
 3 Erik Christensen         Sergei Samsonov          Chad Larose              20     1   2  2  
 4 Éric Belanger            Jan Hlavac               Georges Laraque          10     1   2  2  

5 vs 5 Defense 
   Defense                  Defense                                           Time % Phy DF OF 
 1 Wade Redden              Josh Gorges                                       40     1   3  1  
 2 T.J. Fast                Anton Stralman                                    30     1   2  2  
 3 Adrian Aucoin            Matt Taormina                                     20     1   2  2  
 4 Wade Redden              Josh Gorges                                       10     1   2  2  

PowerPlay Forward 
   Center                   Left Wing                Right Wing               Time % Phy DF OF 
 1 Tim Connolly             Tyler Ennis              Marian Gaborik           60     0   0  5  
 2 Nazem Kadri              Sergei Samsonov          Kyle Okposo              40     0   0  5  

PowerPlay Defense
   Defense                  Defense                                           Time % Phy DF OF 
 1 Wade Redden              Josh Gorges                                       60     0   1  4  
 2 Matt Taormina            Anton Stralman                                    40     0   1  4  

Penalty Kill 4 Players Forward 
   Center                   Wing                     Time % Phy DF OF 
 1 Éric Belanger            Erik Cole                60     1   4  0  
 2 Chad Larose              Jan Hlavac               40     1   4  0  

Penalty Kill 4 Players Defense
   Defense                  Defense                  Time % Phy DF OF 
 1 Wade Redden              Josh Gorges              60     1   4  0  
 2 T.J. Fast                Anton Stralman           40     1   4  0  

Penalty Kill - 3 Players Forward 
   Forward                                           Time % Phy DF OF 
 1 Marian Gaborik                                    60     0   5  0  
 2 Tim Connolly                                      40     0   5  0  

Penalty Kill - 3 Players Defense
   Defense                  Defense                  Time % Phy DF OF 
 1 Wade Redden              Josh Gorges              60     0   5  0  
 2 T.J. Fast                Anton Stralman           40     0   5  0  

4 vs 4 Forward 
   Center                   Wing                     Time % Phy DF OF 
 1 Marian Gaborik           Tim Connolly             60     1   2  2  
 2 Nazem Kadri              Kyle Okposo              40     1   2  2  

4 vs 4 Defense
   Defense                  Defense                  Time % Phy DF OF 
 1 Wade Redden              Josh Gorges              60     1   2  2  
 2 T.J. Fast                Anton Stralman           40     1   2  2  

Last Minutes Offensive
   Center                   Left Wing                Right Wing               Defense                  Defense                  
   Tim Connolly             Tyler Ennis              Marian Gaborik           Wade Redden              Josh Gorges              

Last Minutes Defensive
   Center                   Left Wing                Right Wing               Defense                  Defense                  
   Éric Belanger            Erik Cole                Chad Larose              Wade Redden              Josh Gorges              

Goaltenders
Starting : Marc Denis               
Backup : Ryan Miller              

Extra Forwards
Normal : Sergei Samsonov, Éric Belanger, Jan Hlavac - PP : Sergei Samsonov, Éric Belanger - PK : Jan Hlavac
Extra Defensemen
Normal : T.J. Fast, Matt Taormina, Adrian Aucoin - PP : T.J. Fast - PK : Matt Taormina, Adrian Aucoin
Penalty Shots
Marian Gaborik, Tim Connolly, Chad Larose, Georges Laraque, Erik Cole

% Time on Ice - Senateurs

Lines # - Real PCT - Wanted PCT - Time Play
Normal Forward
1 - 34% - 39% - 14:32
2 - 30% - 29% - 12:53
3 - 20% - 20% - 8:44
4 - 15% - 12% - 6:31
Normal Defense
1 - 44% - 40% - 18:58
2 - 32% - 30% - 13:45
3 - 19% - 20% - 8:00
4 - 5% - 10% - 1:57
PP Forward
1 - 58% - 60% - 4:16
2 - 42% - 40% - 3:09
PP Defense
1 - 74% - 60% - 5:31
2 - 26% - 40% - 1:54
PK Forward
1 - 70% - 60% - 6:12
2 - 30% - 40% - 2:36
PK Defense
1 - 53% - 60% - 4:42
2 - 47% - 40% - 4:06
PK3 Forward
1 - 0% - 60%
2 - 0% - 40%
PK3 Defense
1 - 0% - 60%
2 - 0% - 40%
44 Forward
1 - 100% - 60% - 1:07
2 - 0% - 40% - 0:00
44 Defense
1 - 70% - 60% - 0:47
2 - 30% - 40% - 0:20
Last Minute Offensive  - 0:00
Last Minute Defensive  - 0:00
Total
Forward - 60:00
Defense - 60:00

% Time on Ice - Coyotes

Lines # - Real PCT - Wanted PCT - Time Play
Normal Forward
1 - 38% - 40% - 16:00
2 - 27% - 30% - 11:27
3 - 21% - 20% - 8:45
4 - 15% - 10% - 6:28
Normal Defense
1 - 46% - 40% - 19:39
2 - 30% - 30% - 12:55
3 - 19% - 20% - 7:59
4 - 5% - 10% - 2:07
PP Forward
1 - 49% - 60% - 4:18
2 - 51% - 40% - 4:30
PP Defense
1 - 63% - 60% - 5:35
2 - 37% - 40% - 3:13
PK Forward
1 - 80% - 60% - 5:57
2 - 20% - 40% - 1:28
PK Defense
1 - 69% - 60% - 5:05
2 - 31% - 40% - 2:20
PK3 Forward
1 - 0% - 60%
2 - 0% - 40%
PK3 Defense
1 - 0% - 60%
2 - 0% - 40%
44 Forward
1 - 75% - 60% - 0:50
2 - 25% - 40% - 0:17
44 Defense
1 - 100% - 60% - 1:07
2 - 0% - 40% - 0:00
Last Minute Offensive  - 0:00
Last Minute Defensive  - 0:00
Total
Forward - 60:00
Defense - 60:00

Play by Play

1st period


0:01 of 1st period - Gilbert Brule wins face-off versus Tim Connolly in neutral zone.
0:32 of 1st period - Slapshot by Erik Cole.
0:32 of 1st period - Shot Misses the Net.
0:34 of 1st period - Slapshot by T.J. Fast.
0:34 of 1st period - Shot Misses the Net.
0:39 of 1st period - Icing by Kurtis Foster.
0:40 of 1st period - Darcy Hordichuk wins face-off versus Erik Christensen in Senateurs zone.
0:51 of 1st period - Wrist shot by Daymond Langkow.
0:51 of 1st period - Stopped by Marc Denis with a rebound.
2:13 of 1st period - Slapshot by Sergei Samsonov.
2:13 of 1st period - Shot Misses the Net.
2:23 of 1st period - Ales Kotalik is hit by Éric Belanger and loses puck.
2:28 of 1st period - Snap shot by Éric Belanger.
2:28 of 1st period - Goal by Éric Belanger - Senateurs : 0 - Coyotes : 1.
2:29 of 1st period - Gilbert Brule wins face-off versus Tim Connolly in neutral zone.
2:46 of 1st period - Icing by Dan Girardi.
2:47 of 1st period - Gilbert Brule wins face-off versus Nazem Kadri in Senateurs zone.
3:15 of 1st period - Slapshot by Tim Connolly.
3:15 of 1st period - Goal by Tim Connolly - Senateurs : 0 - Coyotes : 2.
3:16 of 1st period - Tim Connolly wins face-off versus Andrew Ebbett in neutral zone.
3:35 of 1st period - Tyler Ennis is hit by B.J. Crombeen.
4:41 of 1st period - Snap shot by Tyler Ennis.
4:41 of 1st period - Shot Blocked by Brandon Dubinsky.
5:31 of 1st period - Adrian Aucoin is hit by Darcy Hordichuk.
6:07 of 1st period - Ales Kotalik is hit by Tim Connolly and loses puck.
6:22 of 1st period - Snap shot by Erik Cole.
6:22 of 1st period - Shot Misses the Net.
6:24 of 1st period - Slapshot by Erik Cole.
6:24 of 1st period - Stopped by Ondrej Pavelec without a rebound.
6:25 of 1st period - Nazem Kadri wins face-off versus Andrew Ebbett in Senateurs zone.
6:26 of 1st period - Wrist shot by Erik Cole.
6:26 of 1st period - Shot Misses the Net.
6:32 of 1st period - Wrist shot by B.J. Crombeen.
6:32 of 1st period - Stopped by Marc Denis without a rebound.
6:33 of 1st period - Tim Connolly wins face-off versus Gilbert Brule in Coyotes zone.
6:33 of 1st period - Tim Connolly is hit by Jean-Pierre Dumont.
6:49 of 1st period - Snap shot by Andy McDonald.
6:49 of 1st period - Shot Misses the Net.
7:03 of 1st period - Snap shot by Marian Gaborik.
7:03 of 1st period - Shot Misses the Net.
7:05 of 1st period - Snap shot by Tyler Ennis.
7:05 of 1st period - Shot Blocked by Dan Girardi.
7:07 of 1st period - Wrist shot by Tim Connolly.
7:07 of 1st period - Shot Misses the Net.
7:09 of 1st period - Slapshot by Adrian Aucoin.
7:09 of 1st period - Stopped by Ondrej Pavelec without a rebound.
7:10 of 1st period - Daymond Langkow wins face-off versus Nazem Kadri in Senateurs zone.
7:27 of 1st period - Vitaly Vishnevsky is hit by Kyle Okposo.
7:31 of 1st period - Kurtis Foster is hit by Wade Redden and loses puck.
7:48 of 1st period - Slapshot by Wade Redden.
7:48 of 1st period - Shot Misses the Net.
7:50 of 1st period - Slapshot by Wade Redden.
7:50 of 1st period - Shot Misses the Net.
10:09 of 1st period - Wrist shot by Kyle Okposo.
10:09 of 1st period - Stopped by Ondrej Pavelec with a rebound.
10:11 of 1st period - Slapshot by Erik Cole.
10:11 of 1st period - Stopped by Ondrej Pavelec with a rebound.
10:30 of 1st period - Wrist shot by Sergei Samsonov.
10:30 of 1st period - Stopped by Ondrej Pavelec without a rebound.
10:31 of 1st period - Daymond Langkow wins face-off versus Tim Connolly in Senateurs zone.
11:19 of 1st period - Slapshot by Andrew Ebbett.
11:19 of 1st period - Shot Misses the Net.
11:21 of 1st period - Snap shot by Milan Jurcina.
11:21 of 1st period - Stopped by Marc Denis with a rebound.
11:46 of 1st period - Snap shot by Ales Kotalik.
11:46 of 1st period - Shot Misses the Net.
11:48 of 1st period - Snap shot by Brandon Dubinsky.
11:48 of 1st period - Stopped by Marc Denis without a rebound.
11:49 of 1st period - Tim Connolly wins face-off versus Gilbert Brule in Coyotes zone.
11:49 of 1st period - Tim Connolly is hit by Jean-Pierre Dumont.
12:00 of 1st period - Backhand shot by Jean-Pierre Dumont.
12:00 of 1st period - Deflect By Andy McDonald.
12:00 of 1st period - Stopped by Marc Denis without a rebound.
12:01 of 1st period - Gilbert Brule wins face-off versus Tim Connolly in Coyotes zone.
12:04 of 1st period - Snap shot by Gilbert Brule.
12:04 of 1st period - Stopped by Marc Denis with a rebound.
12:06 of 1st period - Snap shot by Jean-Pierre Dumont.
12:06 of 1st period - Stopped by Marc Denis with a rebound.
12:22 of 1st period - Vitaly Vishnevsky is hit by Tim Connolly and loses puck.
12:59 of 1st period - Snap shot by B.J. Crombeen.
12:59 of 1st period - Stopped by Marc Denis without a rebound.
13:00 of 1st period - Andrew Ebbett wins face-off versus Tim Connolly in Coyotes zone.
13:06 of 1st period - Wrist shot by Andrew Ebbett.
13:06 of 1st period - Stopped by Marc Denis with a rebound.
13:22 of 1st period - Snap shot by Andrew Ebbett.
13:22 of 1st period - Goal by Andrew Ebbett - Senateurs : 1 - Coyotes : 2.
13:23 of 1st period - Nazem Kadri wins face-off versus Jean-Pierre Dumont in neutral zone.
13:25 of 1st period - Minor Penalty to Erik Cole for Slashing.
13:26 of 1st period - Jean-Pierre Dumont wins face-off versus Éric Belanger in Coyotes zone.
13:40 of 1st period - Snap shot by Gilbert Brule.
13:40 of 1st period - Goal by Gilbert Brule - Senateurs : 2 - Coyotes : 2.
13:41 of 1st period - Nazem Kadri wins face-off versus Gilbert Brule in neutral zone.
13:49 of 1st period - Wade Redden is hit by Kurtis Foster and loses puck.
14:02 of 1st period - Kurtis Foster is hit by Erik Cole and loses puck.
14:19 of 1st period - Wrist shot by Daymond Langkow.
14:19 of 1st period - Shot Misses the Net.
14:21 of 1st period - Slapshot by Kurtis Foster.
14:21 of 1st period - Deflect By Wade Redden.
14:21 of 1st period - Stopped by Marc Denis with a rebound.
14:23 of 1st period - Slapshot by Todd Bertuzzi.
14:23 of 1st period - Shot Misses the Net.
14:25 of 1st period - Slapshot by Kurtis Foster.
14:25 of 1st period - Deflect By Todd Bertuzzi.
14:25 of 1st period - Shot Misses the Net.
14:25 of 1st period - Puck is out of play.
14:26 of 1st period - Ales Kotalik wins face-off versus Erik Christensen in Coyotes zone.
14:47 of 1st period - Minor Penalty to Chad Larose for Hooking.
14:48 of 1st period - Gilbert Brule wins face-off versus Éric Belanger in Coyotes zone.
14:51 of 1st period - Snap shot by Jean-Pierre Dumont.
14:51 of 1st period - Shot Blocked by Josh Gorges.
14:53 of 1st period - Slapshot by Kurtis Foster.
14:53 of 1st period - Deflect By Gilbert Brule.
14:53 of 1st period - Goal by Gilbert Brule - Senateurs : 3 - Coyotes : 2.
14:54 of 1st period - Tim Connolly wins face-off versus Gilbert Brule in neutral zone.
15:11 of 1st period - Snap shot by Marian Gaborik.
15:11 of 1st period - Stopped by Ondrej Pavelec without a rebound.
15:12 of 1st period - Nazem Kadri wins face-off versus Daymond Langkow in Senateurs zone.
15:16 of 1st period - Minor Penalty to Darcy Hordichuk for Hooking.
15:17 of 1st period - Tim Connolly wins face-off versus Gilbert Brule in Senateurs zone.
16:15 of 1st period - Jean-Pierre Dumont is hit by Nazem Kadri and loses puck.
17:16 of 1st period - Penalty to Darcy Hordichuk is over, Darcy Hordichuk is back on ice.
17:17 of 1st period - Icing by Andrew Ebbett.
17:18 of 1st period - Nazem Kadri wins face-off versus Daymond Langkow in Senateurs zone.
17:33 of 1st period - Snap shot by Éric Belanger.
17:33 of 1st period - Goal by Éric Belanger - Senateurs : 3 - Coyotes : 3.
17:34 of 1st period - Tim Connolly wins face-off versus Gilbert Brule in neutral zone.
17:50 of 1st period - Kurtis Foster is hit by Tyler Ennis.
18:11 of 1st period - Wrist shot by Wade Redden.
18:11 of 1st period - Stopped by Ondrej Pavelec without a rebound.
18:12 of 1st period - Tim Connolly wins face-off versus Gilbert Brule in Senateurs zone.
18:17 of 1st period - Snap shot by Tyler Ennis.
18:17 of 1st period - Shot Misses the Net.
18:19 of 1st period - Slapshot by Tim Connolly.
18:19 of 1st period - Shot Misses the Net.
18:21 of 1st period - Snap shot by Marian Gaborik.
18:21 of 1st period - Stopped by Ondrej Pavelec without a rebound.
18:22 of 1st period - Tim Connolly wins face-off versus Gilbert Brule in Senateurs zone.
18:29 of 1st period - Snap shot by Marian Gaborik.
18:29 of 1st period - Shot Misses the Net.
18:31 of 1st period - Slapshot by Tim Connolly.
18:31 of 1st period - Shot Misses the Net.
18:33 of 1st period - Slapshot by T.J. Fast.
18:33 of 1st period - Deflect By Tyler Ennis.
18:33 of 1st period - Shot Blocked by Carlo Colaiacovo.
18:33 of 1st period - Puck is out of play.
18:34 of 1st period - Gilbert Brule wins face-off versus Tim Connolly in Senateurs zone.
18:44 of 1st period - Minor Penalty to Marian Gaborik for Hooking.
18:45 of 1st period - Éric Belanger wins face-off versus Gilbert Brule in Coyotes zone.
19:37 of 1st period - T.J. Fast is hit by Kurtis Foster and loses puck.
Goals for this period are 3 for Senateurs vs 3 for Coyotes.
Shots for this period are 13 for Senateurs vs 11 for Coyotes.

2nd period


0:01 of 2nd period - Éric Belanger wins face-off versus Gilbert Brule in neutral zone.
0:31 of 2nd period - Icing by Vitaly Vishnevsky.
0:32 of 2nd period - Chad Larose wins face-off versus Daymond Langkow in Senateurs zone.
0:39 of 2nd period - Snap shot by Kurtis Foster.
0:39 of 2nd period - Shot Blocked by Anton Stralman.
0:41 of 2nd period - Backhand shot by Todd Bertuzzi.
0:41 of 2nd period - Goal by Todd Bertuzzi - Senateurs : 4 - Coyotes : 3.
0:42 of 2nd period - Tim Connolly wins face-off versus Gilbert Brule in neutral zone.
0:47 of 2nd period - Snap shot by Tim Connolly.
0:47 of 2nd period - Stopped by Ondrej Pavelec without a rebound.
0:48 of 2nd period - Gilbert Brule wins face-off versus Tim Connolly in Senateurs zone.
0:55 of 2nd period - Snap shot by Tyler Ennis.
0:55 of 2nd period - Shot Misses the Net.
0:57 of 2nd period - Wrist shot by Tyler Ennis.
0:57 of 2nd period - Stopped by Ondrej Pavelec without a rebound.
0:58 of 2nd period - Gilbert Brule wins face-off versus Kyle Okposo in Senateurs zone.
1:00 of 2nd period - Minor Penalty to Andy McDonald for Holding.
1:01 of 2nd period - Tim Connolly wins face-off versus Gilbert Brule in Senateurs zone.
3:00 of 2nd period - Penalty to Andy McDonald is over, Andy McDonald is back on ice.
3:10 of 2nd period - Icing by Anton Stralman.
3:11 of 2nd period - Éric Belanger wins face-off versus Brandon Dubinsky in Coyotes zone.
3:16 of 2nd period - Snap shot by Jan Hlavac.
3:16 of 2nd period - Shot Misses the Net.
3:19 of 2nd period - Icing by Vladimir Mihalik.
3:20 of 2nd period - Brandon Dubinsky wins face-off versus Erik Christensen in Senateurs zone.
3:27 of 2nd period - Snap shot by Ales Kotalik.
3:27 of 2nd period - Stopped by Marc Denis with a rebound.
3:29 of 2nd period - Slapshot by Vladimir Mihalik.
3:29 of 2nd period - Stopped by Marc Denis with a rebound.
4:07 of 2nd period - Snap shot by Gilbert Brule.
4:07 of 2nd period - Stopped by Marc Denis with a rebound.
4:09 of 2nd period - Wrist shot by Gilbert Brule.
4:09 of 2nd period - Deflect By Andy McDonald.
4:09 of 2nd period - Stopped by Marc Denis without a rebound.
4:10 of 2nd period - Tim Connolly wins face-off versus Gilbert Brule in Coyotes zone.
4:30 of 2nd period - Kurtis Foster is hit by Tim Connolly and loses puck.
4:43 of 2nd period - Vitaly Vishnevsky is hit by Matt Taormina and loses puck.
4:50 of 2nd period - Snap shot by Erik Christensen.
4:50 of 2nd period - Stopped by Ondrej Pavelec without a rebound.
4:51 of 2nd period - Daymond Langkow wins face-off versus Nazem Kadri in Senateurs zone.
5:42 of 2nd period - Chad Larose is hit by Brandon Dubinsky and loses puck.
5:55 of 2nd period - Snap shot by Ales Kotalik.
5:55 of 2nd period - Shot Misses the Net.
6:11 of 2nd period - Snap shot by Jean-Pierre Dumont.
6:11 of 2nd period - Stopped by Marc Denis with a rebound.
6:15 of 2nd period - Slapshot by Andy McDonald.
6:15 of 2nd period - Stopped by Marc Denis without a rebound.
6:16 of 2nd period - Tim Connolly wins face-off versus Daymond Langkow in Coyotes zone.
6:16 of 2nd period - Tim Connolly is hit by Daymond Langkow.
6:33 of 2nd period - Minor Penalty to Darcy Hordichuk for Roughing.
6:34 of 2nd period - Tim Connolly wins face-off versus Gilbert Brule in Senateurs zone.
8:10 of 2nd period - Icing by Sergei Samsonov.
8:11 of 2nd period - Nazem Kadri wins face-off versus Andrew Ebbett in Coyotes zone.
8:33 of 2nd period - Penalty to Darcy Hordichuk is over, Darcy Hordichuk is back on ice.
8:50 of 2nd period - Snap shot by Sergei Samsonov.
8:50 of 2nd period - Shot Blocked by Vladimir Mihalik.
8:54 of 2nd period - Snap shot by Sergei Samsonov.
8:54 of 2nd period - Stopped by Ondrej Pavelec without a rebound.
8:55 of 2nd period - Andrew Ebbett wins face-off versus Tim Connolly in Senateurs zone.
9:02 of 2nd period - Wrist shot by Andrew Ebbett.
9:02 of 2nd period - Deflect By Andy Hilbert.
9:02 of 2nd period - Shot Misses the Net.
9:02 of 2nd period - Puck is out of play.
9:03 of 2nd period - Andrew Ebbett wins face-off versus Tim Connolly in Coyotes zone.
9:33 of 2nd period - Wrist shot by Tyler Ennis.
9:33 of 2nd period - Stopped by Ondrej Pavelec with a rebound.
9:51 of 2nd period - Wrist shot by Andrew Ebbett.
9:51 of 2nd period - Stopped by Marc Denis without a rebound.
9:52 of 2nd period - Gilbert Brule wins face-off versus Éric Belanger in Coyotes zone.
10:17 of 2nd period - Wade Redden is hit by Dan Girardi and loses puck.
10:24 of 2nd period - Snap shot by Daymond Langkow.
10:24 of 2nd period - Shot Misses the Net.
10:26 of 2nd period - Backhand shot by Daymond Langkow.
10:26 of 2nd period - Shot Misses the Net.
10:28 of 2nd period - Snap shot by Daymond Langkow.
10:28 of 2nd period - Stopped by Marc Denis without a rebound.
10:29 of 2nd period - Darcy Hordichuk wins face-off versus Kyle Okposo in Coyotes zone.
10:40 of 2nd period - Snap shot by Erik Cole.
10:40 of 2nd period - Stopped by Ondrej Pavelec with a rebound.
10:42 of 2nd period - Snap shot by Nazem Kadri.
10:42 of 2nd period - Stopped by Ondrej Pavelec without a rebound.
10:43 of 2nd period - Tim Connolly wins face-off versus Gilbert Brule in Senateurs zone.
10:46 of 2nd period - Slapshot by Tim Connolly.
10:46 of 2nd period - Deflect By Marian Gaborik.
10:46 of 2nd period - Deflect By Kurtis Foster.
10:46 of 2nd period - Stopped by Ondrej Pavelec with a rebound.
11:52 of 2nd period - Slapshot by Jean-Pierre Dumont.
11:52 of 2nd period - Goal by Jean-Pierre Dumont - Senateurs : 5 - Coyotes : 3.
11:52 of 2nd period - Ryan Miller enters game.
11:53 of 2nd period - Gilbert Brule wins face-off versus Marian Gaborik in neutral zone.
12:06 of 2nd period - Snap shot by Marian Gaborik.
12:06 of 2nd period - Deflect By Kurtis Foster.
12:06 of 2nd period - Shot Misses the Net.
12:06 of 2nd period - Puck is out of play.
12:07 of 2nd period - Nazem Kadri wins face-off versus Daymond Langkow in Senateurs zone.
12:16 of 2nd period - Wrist shot by Kyle Okposo.
12:16 of 2nd period - Stopped by Ondrej Pavelec without a rebound.
12:17 of 2nd period - Nazem Kadri wins face-off versus Daymond Langkow in Senateurs zone.
12:26 of 2nd period - Snap shot by Erik Cole.
12:26 of 2nd period - Stopped by Ondrej Pavelec with a rebound.
12:28 of 2nd period - Snap shot by Kyle Okposo.
12:28 of 2nd period - Stopped by Ondrej Pavelec without a rebound.
12:29 of 2nd period - Gilbert Brule wins face-off versus Tim Connolly in Senateurs zone.
12:41 of 2nd period - Off-side.
12:42 of 2nd period - Tim Connolly wins face-off versus Gilbert Brule in neutral zone.
12:53 of 2nd period - Snap shot by Gilbert Brule.
12:53 of 2nd period - Shot Misses the Net.
13:13 of 2nd period - Off-side.
13:14 of 2nd period - Daymond Langkow wins face-off versus Nazem Kadri in neutral zone.
14:03 of 2nd period - Slapshot by Darcy Hordichuk.
14:03 of 2nd period - Stopped by Ryan Miller without a rebound.
14:04 of 2nd period - Tim Connolly wins face-off versus Gilbert Brule in Coyotes zone.
14:06 of 2nd period - Minor Penalty to Marian Gaborik for Slashing.
14:07 of 2nd period - Éric Belanger wins face-off versus Gilbert Brule in Coyotes zone.
14:07 of 2nd period - Éric Belanger is hit by Kurtis Foster.
16:06 of 2nd period - Penalty to Marian Gaborik is over, Marian Gaborik is back on ice.
16:10 of 2nd period - Icing by Jan Hlavac.
16:11 of 2nd period - Éric Belanger wins face-off versus B.J. Crombeen in Coyotes zone.
16:16 of 2nd period - Adrian Aucoin is hit by B.J. Crombeen and loses puck.
18:11 of 2nd period - Minor Penalty to Marian Gaborik for Roughing.
18:12 of 2nd period - Éric Belanger wins face-off versus Gilbert Brule in Coyotes zone.
18:20 of 2nd period - Slapshot by Erik Cole.
18:20 of 2nd period - Stopped by Ondrej Pavelec without a rebound.
18:21 of 2nd period - Éric Belanger wins face-off versus Jean-Pierre Dumont in Senateurs zone.
18:24 of 2nd period - Snap shot by Erik Cole.
18:24 of 2nd period - Stopped by Ondrej Pavelec without a rebound.
18:25 of 2nd period - Éric Belanger wins face-off versus Gilbert Brule in Senateurs zone.
18:47 of 2nd period - Josh Gorges is hit by Jean-Pierre Dumont and loses puck.
19:26 of 2nd period - Icing by Jean-Pierre Dumont.
19:27 of 2nd period - Daymond Langkow wins face-off versus Erik Cole in Senateurs zone.
Goals for this period are 2 for Senateurs vs 0 for Coyotes.
Shots for this period are 11 for Senateurs vs 13 for Coyotes.

3rd period


0:01 of 3rd period - Éric Belanger wins face-off versus Gilbert Brule in neutral zone.
0:11 of 3rd period - Penalty to Marian Gaborik is over, Marian Gaborik is back on ice.
0:14 of 3rd period - Wrist shot by Jean-Pierre Dumont.
0:14 of 3rd period - Stopped by Ryan Miller without a rebound.
0:15 of 3rd period - Tim Connolly wins face-off versus Daymond Langkow in Coyotes zone.
0:28 of 3rd period - Snap shot by Marian Gaborik.
0:28 of 3rd period - Shot Misses the Net.
0:31 of 3rd period - Icing by Darcy Hordichuk.
0:32 of 3rd period - Nazem Kadri wins face-off versus Daymond Langkow in Senateurs zone.
0:33 of 3rd period - Slapshot by Erik Cole.
0:33 of 3rd period - Shot Blocked by Vitaly Vishnevsky.
0:45 of 3rd period - Snap shot by Daymond Langkow.
0:45 of 3rd period - Shot Blocked by Wade Redden.
0:45 of 3rd period - Wade Redden from Coyotes is injured at 0:45 of 3rd period (Back).
0:46 of 3rd period - Tim Connolly wins face-off versus Gilbert Brule in Coyotes zone.
0:48 of 3rd period - Minor Penalty to T.J. Fast for Roughing.
0:49 of 3rd period - Éric Belanger wins face-off versus Gilbert Brule in Coyotes zone.
1:05 of 3rd period - Wrist shot by Andy McDonald.
1:05 of 3rd period - Goal by Andy McDonald - Senateurs : 6 - Coyotes : 3.
1:06 of 3rd period - Gilbert Brule wins face-off versus Tim Connolly in neutral zone.
1:36 of 3rd period - Slapshot by Kurtis Foster.
1:36 of 3rd period - Shot Blocked by T.J. Fast.
1:42 of 3rd period - Snap shot by Erik Cole.
1:42 of 3rd period - Stopped by Ondrej Pavelec with a rebound.
2:17 of 3rd period - Off-side.
2:18 of 3rd period - Gilbert Brule wins face-off versus Éric Belanger in neutral zone.
2:25 of 3rd period - Slapshot by Andy McDonald.
2:25 of 3rd period - Shot Misses the Net.
2:27 of 3rd period - Slapshot by Jean-Pierre Dumont.
2:27 of 3rd period - Shot Hit the Post.
2:29 of 3rd period - Wrist shot by Dan Girardi.
2:29 of 3rd period - Shot Misses the Net.
2:31 of 3rd period - Slapshot by Dan Girardi.
2:31 of 3rd period - Stopped by Ryan Miller without a rebound.
2:32 of 3rd period - Tim Connolly wins face-off versus Gilbert Brule in Coyotes zone.
2:41 of 3rd period - Snap shot by Marian Gaborik.
2:41 of 3rd period - Stopped by Ondrej Pavelec with a rebound.
3:06 of 3rd period - Wrist shot by Daymond Langkow.
3:06 of 3rd period - Stopped by Ryan Miller with a rebound.
3:28 of 3rd period - Slapshot by Ales Kotalik.
3:28 of 3rd period - Shot Misses the Net.
3:50 of 3rd period - Vladimir Mihalik is hit by Jan Hlavac.
4:00 of 3rd period - Georges Laraque is hit by Gilbert Brule.
4:30 of 3rd period - Wrist shot by Erik Cole.
4:30 of 3rd period - Shot Misses the Net.
4:32 of 3rd period - Slapshot by Erik Cole.
4:32 of 3rd period - Shot Misses the Net.
4:34 of 3rd period - Slapshot by Kyle Okposo.
4:34 of 3rd period - Stopped by Ondrej Pavelec with a rebound.
4:36 of 3rd period - Slapshot by Matt Taormina.
4:36 of 3rd period - Stopped by Ondrej Pavelec without a rebound.
4:37 of 3rd period - Nazem Kadri wins face-off versus Daymond Langkow in Senateurs zone.
4:48 of 3rd period - Snap shot by Erik Cole.
4:48 of 3rd period - Shot Misses the Net.
5:23 of 3rd period - Josh Gorges is hit by Carlo Colaiacovo and loses puck.
5:29 of 3rd period - Minor Penalty to Ales Kotalik for High sticking.
5:30 of 3rd period - Tim Connolly wins face-off versus Gilbert Brule in Senateurs zone.
6:10 of 3rd period - Wrist shot by Sergei Samsonov.
6:10 of 3rd period - Shot Misses the Net.
7:29 of 3rd period - Penalty to Ales Kotalik is over, Ales Kotalik is back on ice.
9:05 of 3rd period - Georges Laraque is hit by Milan Jurcina and loses puck.
9:30 of 3rd period - Sergei Samsonov is hit by Andrew Ebbett and loses puck.
9:50 of 3rd period - Nazem Kadri is hit by Andy McDonald and loses puck.
10:01 of 3rd period - Tim Connolly is hit by Carlo Colaiacovo and loses puck.
10:08 of 3rd period - Dan Girardi is hit by Tyler Ennis and loses puck.
10:34 of 3rd period - Sergei Samsonov is hit by B.J. Crombeen.
11:10 of 3rd period - Slapshot by Chad Larose.
11:10 of 3rd period - Shot Blocked by Darcy Hordichuk.
11:12 of 3rd period - Slapshot by Matt Taormina.
11:12 of 3rd period - Goal by Matt Taormina - Senateurs : 6 - Coyotes : 4.
11:13 of 3rd period - Tim Connolly wins face-off versus Gilbert Brule in neutral zone.
11:21 of 3rd period - Tyler Ennis is hit by Gilbert Brule and loses puck.
11:40 of 3rd period - T.J. Fast is hit by Todd Bertuzzi and loses puck.
12:16 of 3rd period - Minor Penalty to Vitaly Vishnevsky for Hooking.
12:17 of 3rd period - Gilbert Brule wins face-off versus Tim Connolly in Senateurs zone.
12:25 of 3rd period - Wrist shot by Jean-Pierre Dumont.
12:25 of 3rd period - Shot Misses the Net.
13:08 of 3rd period - Minor Penalty to Sergei Samsonov for Roughing.
13:09 of 3rd period - Marian Gaborik wins face-off versus Gilbert Brule in Coyotes zone.
13:20 of 3rd period - Slapshot by Jean-Pierre Dumont.
13:20 of 3rd period - Deflect By Gilbert Brule.
13:20 of 3rd period - Shot Blocked by Josh Gorges.
13:20 of 3rd period - Puck is out of play.
13:21 of 3rd period - Marian Gaborik wins face-off versus Gilbert Brule in Coyotes zone.
14:12 of 3rd period - Carlo Colaiacovo is hit by Kyle Okposo.
14:16 of 3rd period - Penalty to Vitaly Vishnevsky is over, Vitaly Vishnevsky is back on ice.
14:22 of 3rd period - Slapshot by Darcy Hordichuk.
14:22 of 3rd period - Deflect By Josh Gorges.
14:22 of 3rd period - Shot Misses the Net.
14:22 of 3rd period - Puck is out of play.
14:23 of 3rd period - Daymond Langkow wins face-off versus Éric Belanger in Coyotes zone.
14:32 of 3rd period - Backhand shot by Todd Bertuzzi.
14:32 of 3rd period - Stopped by Ryan Miller without a rebound.
14:33 of 3rd period - Gilbert Brule wins face-off versus Éric Belanger in Coyotes zone.
15:08 of 3rd period - Penalty to Sergei Samsonov is over, Sergei Samsonov is back on ice.
15:36 of 3rd period - Slapshot by Darcy Hordichuk.
15:36 of 3rd period - Shot Misses the Net.
15:50 of 3rd period - Snap shot by Daymond Langkow.
15:50 of 3rd period - Stopped by Ryan Miller with a rebound.
16:05 of 3rd period - Off-side.
16:06 of 3rd period - Andrew Ebbett wins face-off versus Tim Connolly in neutral zone.
16:11 of 3rd period - Wrist shot by Andrew Ebbett.
16:11 of 3rd period - Deflect By B.J. Crombeen.
16:11 of 3rd period - Shot Misses the Net.
16:11 of 3rd period - Puck is out of play.
16:12 of 3rd period - Tim Connolly wins face-off versus Andrew Ebbett in Coyotes zone.
16:12 of 3rd period - Tim Connolly is hit by B.J. Crombeen.
16:38 of 3rd period - Andy Hilbert is hit by Nazem Kadri and loses puck.
17:00 of 3rd period - Icing by Josh Gorges.
17:01 of 3rd period - Tim Connolly wins face-off versus Brandon Dubinsky in Coyotes zone.
18:40 of 3rd period - Slapshot by Anton Stralman.
18:40 of 3rd period - Stopped by Ondrej Pavelec with a rebound.
18:42 of 3rd period - Snap shot by Éric Belanger.
18:42 of 3rd period - Stopped by Ondrej Pavelec with a rebound.
18:44 of 3rd period - Snap shot by Jan Hlavac.
18:44 of 3rd period - Shot Misses the Net.
19:00 of 3rd period - Slapshot by Darcy Hordichuk.
19:00 of 3rd period - Shot Misses the Net.
19:02 of 3rd period - Snap shot by Daymond Langkow.
19:02 of 3rd period - Shot Misses the Net.
19:04 of 3rd period - Slapshot by Daymond Langkow.
19:04 of 3rd period - Stopped by Ryan Miller with a rebound.
19:06 of 3rd period - Slapshot by Carlo Colaiacovo.
19:06 of 3rd period - Stopped by Ryan Miller with a rebound.
19:08 of 3rd period - Snap shot by Darcy Hordichuk.
19:08 of 3rd period - Stopped by Ryan Miller without a rebound.
19:09 of 3rd period - Andrew Ebbett wins face-off versus Erik Christensen in Coyotes zone.
19:10 of 3rd period - Wrist shot by Andy Hilbert.
19:10 of 3rd period - Shot Blocked by Chad Larose.
19:12 of 3rd period - Snap shot by Andrew Ebbett.
19:12 of 3rd period - Shot Blocked by Sergei Samsonov.
19:20 of 3rd period - Snap shot by B.J. Crombeen.
19:20 of 3rd period - Shot Blocked by Matt Taormina.
19:50 of 3rd period - Icing by Dan Girardi.
19:51 of 3rd period - Erik Christensen wins face-off versus Daymond Langkow in Senateurs zone.
Goals for this period are 1 for Senateurs vs 1 for Coyotes.
Shots for this period are 9 for Senateurs vs 7 for Coyotes.